 Dungeon Crawl Stone Soup version 0.21.1-1-g345015f (webtiles) character file.

4114 inmateoo the Magician (level 10, 0/77 HPs)
             Began as a Gnoll Skald on Feb 6, 2018.
             Was an Elder of Okawaru.
             Slain by a scorpion (8 damage)
             ... on level 8 of the Dungeon.
             The game lasted 00:11:43 (8666 turns).

inmateoo the Magician (Gnoll Skald)                 Turns: 8666, Time: 00:11:44

Health: 0/77       AC: 10    Str: 13    XL:     10   Next: 26%
Magic:  20/20      EV: 16    Int: 18    God:    Okawaru [****..]
Gold:   483        SH:  5    Dex: 16    Spells: 12/23 levels left

rFire    . . .     SeeInvis +   o - +3 long sword (pain)
rCold    . . .     Gourm    .   t - +0 buckler
rNeg     . . .     Faith    .   A - +3 leather armour {MR+}
rPois    .         Spirit   .   F - +0 helmet
rElec    .         Reflect  .   m - +0 cloak
rCorr    .         Harm     .   (no gloves)
MR       +....                  r - +0 pair of boots
Stlth    +++.......             f - amulet of rage
HPRegen  0.22/turn              w - ring of see invisible
MPRegen  0.17/turn              (no ring)

@: lethally poisoned (0 -> -7), berserk cooldown, slowed, very slow
A: distributed training, fangs 1, strong nose
a: Heroism, Renounce Religion, Evoke Berserk Rage


You were on level 8 of the Dungeon.
You worshipped Okawaru.
Okawaru was greatly pleased with you.
You were hungry.

You visited 2 branches of the dungeon, and saw 9 of its levels.

You collected 483 gold pieces.

Inventory:

Hand Weapons
 a - a +0 spear
 o - a +3 long sword of pain (weapon)
 y - a +0 flail of crushing
 E - a +1 flail of holy wrath
Missiles
 g - a throwing net (quivered)
 k - 4 poisoned tomahawks
Armour
 m - a +0 cloak (worn)
 r - a +0 pair of boots (worn)
 t - a +0 buckler (worn)
 A - a +3 leather armour of magic resistance (worn)
 F - a +0 helmet (worn)
Jewellery
 b - an uncursed ring of ice
 f - an amulet of rage (around neck)
 w - a ring of see invisible (left hand)
Wands
 v - a wand of flame (31)
Scrolls
 i - 6 scrolls of remove curse
 l - 4 scrolls of amnesia
 p - a scroll of teleportation
 q - 2 scrolls of enchant weapon
 u - a scroll of magic mapping
Potions
 e - 4 potions of brilliance {unknown}
 h - 4 potions of curing
 j - 2 potions of cancellation
 n - 3 potions of invisibility
 s - 4 potions of heal wounds
 x - a potion of berserk rage
 z - a potion of agility {unknown}
 B - a potion of degeneration {unknown}
 C - 2 potions of lignification {unknown}
Books
 c - a book of Battle

   Spells                             Type                      Level
   a - Infusion                       Charms                       1
   b - Shroud of Golubria             Charms/Translocation         2
   c - Song of Slaying                Charms                       2
   d - Spectral Weapon                Hexes/Charms                 3
   e - Regeneration                   Charms/Necromancy            3
 G - a book of Cantrips

   Spells                             Type                      Level
   a - Confusing Touch                Hexes                        1
   b - Animate Skeleton               Necromancy                   1
   c - Summon Small Mammal            Summoning                    1
   d - Apportation                    Translocation                1
Comestibles
 d - 8 rations
 D - 5 chunks of flesh


   Skills:
 + Level 6.9 Fighting
 + Level 5.0 Short Blades
 + Level 5.0 Long Blades
 + Level 5.0 Axes
 + Level 5.0 Maces & Flails
 + Level 6.9 Polearms
 + Level 5.0 Staves
 + Level 5.0 Slings
 + Level 5.0 Bows
 + Level 5.0 Crossbows
 + Level 5.0 Throwing
 + Level 5.7 Armour
 + Level 6.9 Dodging
 + Level 5.0 Stealth
 + Level 5.0 Shields
 + Level 5.0 Unarmed Combat
 + Level 7.2 Spellcasting
 + Level 4.1 Conjurations
 + Level 4.1 Hexes
 + Level 6.9 Charms
 + Level 4.1 Summonings
 + Level 4.1 Necromancy
 + Level 4.1 Translocations
 + Level 4.1 Transmutations
 + Level 4.1 Fire Magic
 + Level 4.1 Ice Magic
 + Level 4.1 Air Magic
 + Level 4.1 Earth Magic
 + Level 4.1 Poison Magic
 + Level 5.5 Invocations
 + Level 5.0 Evocations


You had 12 spell levels left.
You knew the following spells:

 Your Spells              Type           Power        Failure   Level  Hunger
a - Infusion              Chrm           ####         1%          1    None
b - Song of Slaying       Chrm           ####....     1%          2    None
c - Shroud of Golubria    Chrm/Tloc      ####......   1%          2    None
d - Regeneration          Chrm/Necr      ####......   4%          3    ##.....
e - Spectral Weapon       Hex/Chrm       ####....     4%          3    ##.....


Dungeon Overview and Level Annotations

Branches:
Dungeon (8/15)             Temple (1/1) D:5
   Lair: D:8-11

Altars:
Cheibriados
Dithmenos
Fedhas
Kikubaaqudgha
Makhleb
Nemelex Xobeh
Okawaru
Qazlal
Ru
Sif Muna
Uskayaw
Vehumet
Wu Jian
Zin

Shops:
D:4 (   D:5 (

Annotations:
D:4 Mgcat's ghost, amateur TrTm


Innate Abilities, Weirdness & Mutations

Your experience applies equally to all skills.
You have very sharp teeth.
Your uncanny sense of smell can sniff out nearby items.


Message History

a war axe; a robe; a meliai corpse; a killer bee corpse You feel sick.
You see here 16 stones.
You feel sick.
You feel sick.
You feel sick.
You feel sick.
You feel sick.
You feel sick.
You feel sick.
You swing at nothing.
You swing at nothing.
You feel sick. The scorpion stings you.
* * * LOW HITPOINT WARNING * * *
You are more poisoned.
The scorpion poisons you!
You hit the scorpion.
The scorpion is moderately wounded.
* * * LOW HITPOINT WARNING * * *
You feel sick. The scorpion stings you!
You die...

.......# #..
#.......'.. .......#∆
.... #.......###
###(...######....#
#.......#
.......))(........
#.......#
##########s#########.
#.......# #...........
#.......# ###.########
#.......#
#.####################
#...s@.)..............
######################


You could see a scorpion.

Vanquished Creatures
  A meliai (D:8)
  Grinder (D:5)
  Prince Ribbit (D:6)
  A hippogriff (D:7)
  A wyvern (D:5)
  Eustachio (D:5)
  Menkaure (D:5)
  An orc warrior (D:7)
  2 sky beasts (D:7)
  3 ogres
  A phantom (D:5)
  2 ice beasts (D:7)
  A black bear (D:8)
  The ghost of Agrougrou the Poker, an amateur DsMo (D:3)
  4 centaurs
  3 bullfrogs
  A scorpion (D:6)
  A killer bee (D:8)
  2 vampire bats (D:8)
  7 crimson imps
  4 jellies
  A centaur zombie (D:5)
  An orc priest (D:6)
  A bullfrog skeleton (D:7)
  A gnoll shaman (D:4)
  4 hounds
  Jessica (D:2)
  2 iguanas
  Ijyb (D:3)
  2 orc wizards (D:8)
  6 worker ants
  A hound zombie (D:4)
  4 gnolls (D:4)
  20 adders
  A river rat (D:5)
  A shadow imp (D:8)
  An ooze (D:3)
  An adder skeleton (D:5)
  7 worms
  5 dart slugs
  5 leopard geckos
  18 orcs
  3 bat skeletons (D:8)
  3 bat zombies (D:8)
  4 giant cockroaches
  11 goblins
  7 hobgoblins
  10 jackals
  8 kobolds
  3 quokkas
  2 ball pythons
  6 bats (D:2)
  3 frilled lizards
  A leopard gecko skeleton (D:5)
  A leopard gecko zombie (D:5)
  A quokka skeleton (D:5)
  A quokka zombie (D:7)
  3 rats
191 creatures vanquished.

Notes
Turn   | Place    | Note
-------+----------+-------------------------------------------
     0 | D:1      | inmateoo the Gnoll Skald began the quest for the Orb.
     0 | D:1      | Reached XP level 1. HP: 20/20 MP: 6/6
   137 | D:1      | Reached XP level 2. HP: 16/26 MP: 7/7
   535 | D:2      | Reached XP level 3. HP: 19/31 MP: 9/9
   658 | D:2      | Reached skill level 5 in Spellcasting
   782 | D:2      | Reached skill level 1 in Invocations
  1184 | D:2      | Found a shadowy altar of Dithmenos.
  1191 | D:2      | Reached skill level 1 in Short Blades
  1191 | D:2      | Reached skill level 1 in Long Blades
  1191 | D:2      | Reached skill level 1 in Axes
  1191 | D:2      | Reached skill level 1 in Maces & Flails
  1191 | D:2      | Reached skill level 1 in Staves
  1191 | D:2      | Reached skill level 1 in Slings
  1191 | D:2      | Reached skill level 1 in Bows
  1191 | D:2      | Reached skill level 1 in Crossbows
  1191 | D:2      | Reached skill level 1 in Throwing
  1191 | D:2      | Reached skill level 1 in Stealth
  1191 | D:2      | Reached skill level 1 in Shields
  1191 | D:2      | Reached skill level 1 in Unarmed Combat
  1191 | D:2      | Reached skill level 1 in Evocations
  1232 | D:2      | Reached XP level 4. HP: 12/38 MP: 11/11
  1715 | D:2      | Reached skill level 1 in Conjurations
  1715 | D:2      | Reached skill level 1 in Hexes
  1715 | D:2      | Reached skill level 1 in Summonings
  1715 | D:2      | Reached skill level 1 in Necromancy
  1715 | D:2      | Reached skill level 1 in Translocations
  1715 | D:2      | Reached skill level 1 in Transmutations
  1715 | D:2      | Reached skill level 1 in Fire Magic
  1715 | D:2      | Reached skill level 1 in Ice Magic
  1715 | D:2      | Reached skill level 1 in Air Magic
  1715 | D:2      | Reached skill level 1 in Earth Magic
  1715 | D:2      | Reached skill level 1 in Poison Magic
  1737 | D:2      | Learned a level 2 spell: Song of Slaying
  1740 | D:2      | Learned a level 2 spell: Shroud of Golubria
  1744 | D:2      | Learned a level 3 spell: Regeneration
  1748 | D:2      | Learned a level 3 spell: Spectral Weapon
  1947 | D:2      | Noticed Jessica
  1958 | D:2      | Killed Jessica
  1958 | D:2      | Reached XP level 5. HP: 40/43 MP: 12/12
  2231 | D:3      | Noticed Agrougrou's ghost (amateur DsMo)
  2814 | D:3      | Killed Agrougrou's ghost
  2814 | D:3      | Reached XP level 6. HP: 19/50 MP: 13/13
  3015 | D:3      | Found a radiant altar of Vehumet.
  3140 | D:3      | Noticed Ijyb
  3166 | D:3      | Killed Ijyb
  3300 | D:3      | Found a stormy altar of Qazlal.
  3333 | D:4      | Noticed Mgcat's ghost (amateur TrTm)
  3386 | D:4      | Reached skill level 5 in Fighting
  3386 | D:4      | Reached skill level 5 in Polearms
  3386 | D:4      | Reached skill level 5 in Dodging
  3746 | D:4      | Found Jucie's Weapon Boutique.
  3814 | D:4      | Reached XP level 7. HP: 56/56 MP: 15/15
  4203 | D:5      | Entered Level 5 of the Dungeon
  4206 | D:5      | Noticed Eustachio
  4257 | D:5      | Found Bout's Antique Weapon Emporium.
  4260 | D:5      | Noticed Menkaure
  4266 | D:5      | Found a staircase to the Ecumenical Temple.
  4277 | Temple   | Entered the Ecumenical Temple
  4306 | Temple   | Became a worshipper of Warmaster Okawaru
  4339 | D:5      | Killed Menkaure
  4372 | D:5      | Noticed Grinder
  4601 | D:5      | Paralysed by Grinder for 7 turns
  4615 | D:5      | Killed Grinder
  4615 | D:5      | Reached * piety under Okawaru
  4615 | D:5      | Reached XP level 8. HP: 26/63 MP: 16/16
  5526 | D:5      | Reached skill level 6 in Spellcasting
  5818 | D:5      | Noticed a wyvern
  5835 | D:5      | Killed a wyvern
  5835 | D:5      | Reached ** piety under Okawaru
  5835 | D:5      | Reached XP level 9. HP: 55/69 MP: 18/18
  6544 | D:5      | Killed Eustachio
  6817 | D:6      | Noticed a hand axe
  6817 | D:6      | Noticed a hand axe
  6817 | D:6      | Found a hide-covered altar of Uskayaw.
  6876 | D:6      | Noticed Prince Ribbit
  6898 | D:6      | Killed Prince Ribbit
  6898 | D:6      | Reached skill level 5 in Armour
  7131 | D:6      | Found an ornate altar of the Wu Jian Council.
  7344 | D:7      | Found a sparkling altar of Nemelex Xobeh.
  7432 | D:7      | Reached *** piety under Okawaru
  7679 | D:7      | Reached skill level 5 in Invocations
  8026 | D:7      | Reached XP level 10. HP: 77/77 MP: 20/20
  8052 | D:7      | Reached skill level 7 in Spellcasting
  8300 | D:8      | Found an ancient bone altar of Kikubaaqudgha.
  8646 | D:8      | Reached **** piety under Okawaru
  8646 | D:8      | Reached skill level 5 in Short Blades
  8646 | D:8      | Reached skill level 5 in Long Blades
  8646 | D:8      | Reached skill level 5 in Axes
  8646 | D:8      | Reached skill level 5 in Maces & Flails
  8646 | D:8      | Reached skill level 5 in Staves
  8646 | D:8      | Reached skill level 5 in Slings
  8646 | D:8      | Reached skill level 5 in Bows
  8646 | D:8      | Reached skill level 5 in Crossbows
  8646 | D:8      | Reached skill level 5 in Throwing
  8646 | D:8      | Reached skill level 5 in Stealth
  8646 | D:8      | Reached skill level 5 in Shields
  8646 | D:8      | Reached skill level 5 in Unarmed Combat
  8646 | D:8      | Reached skill level 5 in Evocations
  8666 | D:8      | Slain by a scorpion

Skill      XL: |  1  2  3  4  5  6  7  8  9 10 |
---------------+-------------------------------+-----
Spellcasting   | 5 6 7 |  7.2
Invocations    | 1 2 3 4 5 |  5.5
Short Blades   | 1 2 3 4 5 |  5.0
Long Blades    | 1 2 3 4 5 |  5.0
Axes           | 1 2 3 4 5 |  5.0
Maces & Flails | 1 2 3 4 5 |  5.0
Staves         | 1 2 3 4 5 |  5.0
Slings         | 1 2 3 4 5 |  5.0
Bows           | 1 2 3 4 5 |  5.0
Crossbows      | 1 2 3 4 5 |  5.0
Throwing       | 1 2 3 4 5 |  5.0
Stealth        | 1 2 3 4 5 |  5.0
Shields        | 1 2 3 4 5 |  5.0
Unarmed Combat | 1 2 3 4 5 |  5.0
Evocations     | 1 2 3 4 5 |  5.0
Conjurations   | 1 2 3 4 |  4.1
Hexes          | 1 2 3 4 |  4.1
Summonings     | 1 2 3 4 |  4.1
Necromancy     | 1 2 3 4 |  4.1
Translocations | 1 2 3 4 |  4.1
Transmutations | 1 2 3 4 |  4.1
Fire Magic     | 1 2 3 4 |  4.1
Ice Magic      | 1 2 3 4 |  4.1
Air Magic      | 1 2 3 4 |  4.1
Earth Magic    | 1 2 3 4 |  4.1
Poison Magic   | 1 2 3 4 |  4.1
Armour         | 3 4 5 |  5.7
Fighting       | 5 6 |  6.9
Polearms       | 5 6 |  6.9
Dodging        | 5 6 |  6.9
Charms         | 6 |  6.9

Action                   |  1- 3 |  4- 6 |  7- 9 | 10-12 || total
-------------------------+-------+-------+-------+-------++-------
Melee: Spear             |   123 |   135 |       |       ||   258
       Bite              |    17 |    12 |    39 |    11 ||    79
       Punch             |       |     2 |       |       ||     2
       Long sword        |       |    83 |   322 |    67 ||   472
Throw: Throwing net      |     1 |       |       |       ||     1
 Abil: Evoke Berserk Rag |       |     1 |     8 |     1 ||    10
Evoke: Wand              |       |       |     4 |       ||     4
  Use: Scroll            |     4 |     4 |     5 |     1 ||    14
       Potion            |       |       |     1 |       ||     1
 Stab: Sleeping          |     2 |     6 |     8 |     2 ||    18
       Distracted        |       |     2 |       |       ||     2
  Eat: Chunk             |     1 |     8 |    19 |     3 ||    31
       Ration            |       |       |     1 |       ||     1
Armor: Leather armour    |     9 |    50 |    79 |    20 ||   158
Dodge: Dodged            |    61 |   144 |   239 |    69 ||   513
Block: Buckler           |       |       |    73 |    22 ||    95
       Rpst.: Long sword |       |    19 |    68 |    19 ||   106
